AoeStats
← [RAT] G0rm

Lombardia

509401474Analyzed
4v4 RM · 6d ago on Sep 26, 2026· 35m 34s· 8 players
Game mode
Random Map
Map size
Large (8 player)
Population
200
Speed
Normal
Resources
Standard
Victory
Conquest
Starting age
Dark Age
Ending age
Imperial Age
RankedLock teamsTeams togetherTeam positionsShared explorationLock speedFull tech treeHidden civsTurbo modeCheats
Victory
Defeat
🇮🇱 Khmer · Israel
1541
+16
🇨🇳 Mongols · China
1502
+18
🇩🇪 Danes · Germany
1491
+18
🇫🇷 Teutons · France
1478
+19
🇺🇸 Saxons · United States
1632
-22
🇷🇴 Japanese · Romania
1550
-18
🇳🇱 Danes · Netherlands
1509
-16
🇸🇪 Varangians · Sweden
1471
-15
SbS | Havoc
9:39 Loom
11:43 Feudal Age
16:35 Castle Age
14:31 Double-Bit Axe
15:35 Fletching
17:46 Bow Saw
17:55 Horse Collar
20:25 Bodkin Arrow
23:55 Padded Archer Armor
31:59 Wheelbarrow
31:16 Gold Mining
34:15 Imperial Age
32:14 Leather Archer Armor
32:11 Bloodlines
32:01 Husbandry
35:18 Bracer
35:48 Ring Archer Armor
36:19 Chemistry
34:43 Cranequins
Wavelogic
10:42 Feudal Age
10:09 Loom
14:28 Castle Age
12:42 Horse Collar
12:58 Double-Bit Axe
15:19 Bow Saw
22:59 Husbandry
23:04 Gold Mining
24:32 Wheelbarrow
27:23 Bloodlines
28:42 Hand Cart
28:43 Town Watch
32:47 Imperial Age
30:32 Heavy Plow
32:03 Stone Mining
32:48 Gold Shaft Mining
ty
7:43 Feudal Age
7:01 Loom
12:27 Horse Collar
18:48 Castle Age
21:18 Wheelbarrow
25:41 Heavy Plow
26:09 Stone Mining
26:10 Gold Mining
28:23 Gold Shaft Mining
28:23 Stone Shaft Mining
28:11 Hand Cart
28:55 Stone Shaft Mining
29:31 Fletching
29:53 Husbandry
30:04 Bloodlines
30:31 Ballistics
30:27 Bodkin Arrow
34:23 Imperial Age
32:05 Padded Archer Armor
35:29 Conscription
34:30 Elite Mangudai
35:14 Bracer
36:29 Chemistry
36:11 Parthian Tactics
35:52 Thumb Ring
BIC
10:59 Feudal Age
14:28 Castle Age
12:51 Double-Bit Axe
13:03 Horse Collar
16:17 Bow Saw
19:53 Heavy Plow
21:31 Wheelbarrow
28:25 Imperial Age
25:42 Loom
25:55 Gold Mining
25:56 Stone Mining
26:28 Hand Cart
26:07 Town Watch
26:59 Scale Mail Armor
27:35 Stone Shaft Mining
28:10 Chain Mail Armor
29:00 Squires
28:46 Arson
29:27 Conscription
29:39 Plate Mail Armor
29:20 Forging
30:12 Two-Man Saw
29:43 Crop Rotation
29:53 Elite Teutonic Knight
32:01 Iron Casting
31:49 Ballistics
31:35 Caravan
32:34 Fortified Wall
33:31 Chemistry
33:42 Blast Furnace
34:46 Masonry
35:57 Fletching
[RAT] G0rm
12:05 Feudal Age
16:01 Castle Age
16:08 Castle Age
14:05 Double-Bit Axe
14:03 Horse Collar
15:11 Loom
24:54 Wheelbarrow
26:33 Bow Saw
27:26 Heavy Plow
28:52 Hand Cart
29:00 Gold Mining
29:06 Stone Mining
29:56 Yasama
30:04 Yasama
32:45 Imperial Age
31:21 Scale Mail Armor
31:32 Forging
31:35 Guard Tower
31:39 Fletching
32:54 Ballistics
32:33 Murder Holes
32:19 Treadmill Crane
32:10 Pikeman
32:51 Halberdier
33:47 Chain Mail Armor
34:08 Iron Casting
33:50 Bodkin Arrow
35:21 Plate Mail Armor
36:08 Chemistry
[RAT] Havik_AoE
7:33 Loom
9:48 Feudal Age
10:06 Man-at-Arms
15:03 Arson
17:58 Castle Age
16:41 Double-Bit Axe
16:39 Horse Collar
18:12 Scale Mail Armor
18:23 Forging
19:36 Pikeman
20:16 Squires
20:02 Gambesons
21:01 Bow Saw
29:41 Wheelbarrow
30:40 Wheelbarrow
30:06 Heavy Plow
35:11 Hand Cart
[mouse] epic Llama
8:27 Loom
10:45 Feudal Age
14:14 Double-Bit Axe
15:01 Horse Collar
17:57 Castle Age
17:04 Bloodlines
17:19 Forging
20:23 Heavy Plow
20:50 Bow Saw
24:15 Wheelbarrow
23:55 Husbandry
27:04 Iron Casting
28:34 Scale Barding Armor
30:07 Gold Mining
32:55 Hand Cart
35:34 Imperial Age
33:23 Hand Cart
32:55 Town Watch
34:47 Fletching
[RAT] Spencer
2:11 Loom
10:40 Feudal Age
15:42 Castle Age
16:10 Double-Bit Axe
16:06 Horse Collar
22:42 Bow Saw
24:52 Fletching
25:23 Guard Tower
26:01 Bodkin Arrow
27:23 Ballistics
28:20 Wheelbarrow
28:03 Scale Mail Armor
28:13 Forging
29:13 Treadmill Crane
29:44 Masonry
30:25 Chain Mail Armor
30:21 Forging
30:27 Stone Mining
30:27 Gold Mining
30:53 Hand Cart
30:22 Man-at-Arms
30:47 Gambesons
31:03 Squires
31:27 Long Swordsman
32:44 Iron Casting
31:56 Arson
35:43 Imperial Age
34:01 Pikeman
35:12 Murder Holes
Connection lost

Rejoining the realm…

Still unreachable

The connection could not be restored.

Session expired

The server has moved on; the page needs a fresh start.